 Dungeon Crawl Stone Soup version 0.26.1-11-gd32895ea62 (webtiles) character file.

Game seed: 1082065346496836130

4351 Tirrikindir the Fighter (level 10, 73/73 HPs)
             Began as an Octopode Fighter on June 7, 2021.
             Was a Priest of Okawaru.
             Got out of the dungeon alive.
             The game lasted 00:20:39 (8947 turns).

Tirrikindir the Fighter (Octopode Fighter)          Turns: 8947, Time: 00:20:40

Health: 73/73      AC:  3    Str: 16    XL:     10   Next: 34%
Magic:  14/14      EV: 19    Int: 17    God:    Okawaru [***...]
Gold:   399        SH: 15    Dex: 14    Spells: 6/9 levels left

rFire    . . .     SeeInvis .   J - +0 staff of Battle
rCold    . . .     Faith    .   b - +0 kite shield
rNeg     . . .     Spirit   .   (helmet restricted)
rPois    +         Reflect  +   n - amulet of reflection
rElec    .         Harm     .   f - ring of resist corrosion
rCorr    +         Rampage  .   k - +6 ring of intelligence
Will     .....                  t - ring of wizardry
Stlth    ++++......             H - +4 ring of evasion
HPRegen  0.22/turn              (no ring)
MPRegen  0.14/turn              (no ring)
                                (no ring)
                                (no ring)

@: studying Polearms
A: almost no armour, stealthy swim, amphibious, 8 rings, constrict 8, tentacle
spike 1, iridescent scales 1, camouflage 1, blink, poison resistance, gelatinous
body 1
a: Blink, Renounce Religion, Heroism


You escaped.
You worshipped Okawaru.
Okawaru was most pleased with you.
You visited 2 branches of the dungeon, and saw 10 of its levels.

You collected 399 gold pieces.

Inventory:

Hand Weapons
 l - a +1 long sword of draining
 I - a +0 trident
 J - the +0 staff of Battle (weapon)
   (You acquired it on level 9 of the Dungeon)
Missiles
 m - 58 poisoned darts (quivered)
Armour
 b - a +0 kite shield (worn)
Jewellery
 f - a ring of resist corrosion (left tentacle)
 k - a +6 ring of intelligence (right tentacle)
 n - an amulet of reflection (around mantle)
 t - a ring of wizardry (on tentacle)
 H - a +4 ring of evasion (on tentacle)
Wands
 q - a wand of disintegration (6)
 x - a wand of enslavement (11)
 z - a wand of paralysis (13)
 B - a wand of iceblast (12)
 D - a wand of flame (16)
 E - a wand of digging (5)
 F - a wand of acid (6)
Scrolls
 e - 5 scrolls of remove curse
 h - a scroll of blinking
 w - 3 scrolls of magic mapping
 y - a scroll of immolation
 K - a scroll of amnesia {unknown}
Potions
 a - 3 potions of curing
 c - 2 potions of might
 d - 5 potions of flight
 g - 4 potions of lignification
 i - 2 potions of invisibility
 j - a potion of brilliance {unknown}
 o - a potion of berserk rage {unknown}
 p - a potion of mutation
 r - a potion of cancellation {unknown}
 s - a potion of haste {unknown}
 v - a potion of ambrosia {unknown}
 A - a potion of attraction {unknown}
 C - a potion of heal wounds {unknown}
 G - a potion of magic {unknown}
Books
 u - a manual of Polearms


   Skills:
 + Level 8.7 Fighting
 - Level 5.5 Long Blades
 - Level 2.2 Polearms
 + Level 0.0(1.2) Staves
 * Level 6.3 Dodging
 + Level 6.1 Stealth
 * Level 6.2 Shields
 * Level 0.0 Conjurations
 + Level 5.4 Invocations
 + Level 4.0 Evocations


You had 6 spell levels left.
You knew the following spells:

 Your Spells              Type           Power        Failure   Level
a - Magic Dart            Conj           0%           28%         1
b - Searing Ray           Conj           0%           38%         2

Your spell library contained the following spells:

 Spells                   Type           Power        Failure   Level
 Confusing Touch          Hex            0%           61%         3
 Dazzling Flash           Conj/Hex       0%           61%         3
 Gell's Gravitas          Tloc           0%           61%         3
 Fulminant Prism          Conj/Hex       0%           94%         4
 Iskenderun's Mystic Bla  Conj/Tloc      0%           94%         4
 Petrify                  Tmut/Erth      0%           94%         4
 Metabolic Englaciation   Hex/Ice        0%           100%        5
 Yara's Violent Unravell  Hex/Tmut       0%           100%        5


Dungeon Overview and Level Annotations

Branches:
Dungeon (9/15)             Temple (1/1) D:7            Lair (0/6) D:9
    Orc: D:9-12

Altars:
Ashenzari
Cheibriados
Dithmenos
Elyvilon
Fedhas
Gozag
Hepliaklqana
Kikubaaqudgha
Makhleb
Nemelex Xobeh
Okawaru
Qazlal
Ru
Sif Muna
Trog
Uskayaw
Vehumet
Wu Jian
Xom
Yredelemnul
Zin
The Shining One

Shops:
D:5 (


Innate Abilities, Weirdness & Mutations

You cannot wear most types of armour.
You are very stealthy in the water. (Stealth+)
You are amphibious.
You can wear up to eight rings at the same time.
You can use your tentacles to constrict eight enemies at once.
Your skin changes colour to match your surroundings (Stealth+).
Your rubbery body absorbs attacks. (AC +1, EV +1)
One of your tentacles bears a spike.
You are partially covered in iridescent scales. (AC +2)
You can translocate small distances at will.
Your system is resistant to poisons. (rPois)


Message History

You climb upwards.
There is a stone staircase leading down here.
There is a stone staircase leading up here.
You climb upwards.
There is a stone staircase leading down here.
There is an escape hatch in the ceiling here.
A mysterious force pulls you upwards. The hatch slams shut behind you.
There is an open door here.
There is a stone staircase leading up here.
You climb upwards.
There is a stone staircase leading down here.
You see here 2 stones.
Things that are here:
a club; a +0 club You see here a +0 dagger.
There is an open door here.
There is a staircase leading out of the dungeon here.
You can't go down here!
Are you sure you want to leave the Dungeon?
This will make you lose the game!
You have escaped!

†'.........###.........'.#.#...#(
.#..####.### ###.####..#.#.#...#.
.#.#.###.# #.###.#.#.#.###...
.#.##.#.## ##.#.##.#.#......#
.#.###.## ##.###.#.#.#..#..
.#.##.#.## ##.#.##.#.#.#..#..
.#.#.###.# #.###.#.#.#.####.#
.#..####.### ###.####..#.........
.'....(....###..@......+.....####
.##.####.##.#.##.####.########
.###.###.###.###.###.## .#
##.##.##.#.##.##.##
.#####.#.#.###.#.#.##
....###.(.#####...## ###.#
##.........## #.####'#######'#
#..............#


There were no monsters in sight!

Vanquished Creatures
  Maurice (D:8)
  Grinder (D:5)
  Prince Ribbit (D:7)
  A wyvern (D:8)
  Edmund (D:5)
  Menkaure (D:6)
  A water moccasin (D:8)
  3 orc warriors
  2 eyes of draining (D:6)
  3 ogres
  2 phantoms
  A necrophage (D:6)
  6 centaurs
  A big kobold (D:7)
  2 bullfrogs
  A wyvern skeleton (D:9)
  6 killer bees (D:8)
  4 howler monkeys
  A centaur zombie (D:7)
  A bullfrog zombie (D:8)
  5 orc wizards
  3 orc priests
  2 hounds
  4 jellies
  A bullfrog skeleton (D:9)
  An iguana (D:4)
  5 worker ants
  2 hound skeletons
  11 adders
  3 gnolls
  2 shadow imps
  A white imp (D:8)
  2 ufetubi
  11 oozes
  2 adder skeletons
  3 worms
  3 leopard geckos
  14 orcs
  A ball python (D:2)
  6 bats
  6 giant cockroaches
  9 goblins
  11 hobgoblins
  20 jackals
  25 kobolds
  2 quokkas
  6 frilled lizards
  A quokka zombie (D:6)
  11 rats
213 creatures vanquished.

Vanquished Creatures (others)
  2 bushes (D:9)
  15 fungi
  20 plants (D:9)
  6 toadstools (D:3)
43 creatures vanquished.

Grand Total: 256 creatures vanquished

Notes
Turn   | Place    | Note
-------+----------+-------------------------------------------
     0 | D:1      | Tirrikindir the Octopode Fighter began the quest for the
                  | Orb.
     0 | D:1      | Reached XP level 1. HP: 16/16 MP: 1/1
    29 | D:1      | Reached XP level 2. HP: 8/21 MP: 2/2
    44 | D:1      | HP: 1/21 [goblin (4)]
   343 | D:1      | Gained mutation: Your system is resistant to poisons.
                  | (rPois) [potion of mutation]
   343 | D:1      | Gained mutation: You can translocate small distances at
                  | will. [potion of mutation]
   343 | D:1      | Gained mutation: One of your tentacles bears a spike.
                  | [potion of mutation]
   343 | D:1      | Gained mutation: You are partially covered in iridescent
                  | scales. (AC +2) [potion of mutation]
   423 | D:1      | Reached skill level 1 in Stealth
   472 | D:1      | Reached XP level 3. HP: 16/26 MP: 3/3
  1485 | D:2      | Reached XP level 4. HP: 26/31 MP: 4/4
  2051 | D:3      | Noticed an ogre
  2058 | D:3      | Killed an ogre
  2059 | D:3      | Reached XP level 5. HP: 15/37 MP: 5/5
  2530 | D:3      | Found a burning altar of Makhleb.
  2752 | D:3      | Reached XP level 6. HP: 35/43 MP: 6/6
  2843 | D:3      | Reached skill level 4 in Fighting
  3233 | D:4      | Reached skill level 5 in Long Blades
  3233 | D:4      | Reached XP level 7. HP: 26/48 MP: 7/7
  3783 | D:5      | Entered Level 5 of the Dungeon
  3827 | D:5      | Found an iron altar of Okawaru.
  3834 | D:5      | Became a worshipper of Warmaster Okawaru
  3856 | D:5      | Paralysed by a centaur for 7 turns
  3868 | D:5      | Reached skill level 1 in Invocations
  3868 | D:5      | Reached skill level 1 in Evocations
  3879 | D:5      | Found Daumpay's Weapon Emporium.
  4176 | D:5      | Noticed Edmund
  4184 | D:5      | Killed Edmund
  4185 | D:5      | Reached skill level 5 in Fighting
  4185 | D:5      | Reached XP level 8. HP: 55/55 MP: 7/9
  4238 | D:5      | Noticed Grinder
  4249 | D:5      | Killed Grinder
  4249 | D:5      | Reached * piety under Okawaru
  4348 | D:5      | Reached skill level 6 in Fighting
  4463 | D:5      | Found a snail-covered altar of Cheibriados.
  4804 | D:6      | Found a radiant altar of Vehumet.
  4804 | D:6      | Found a shimmering blue altar of Sif Muna.
  4810 | D:6      | Found a faded altar of an unknown god.
  4812 | D:6      | Found a broken altar of Ashenzari.
  4813 | D:6      | Found a faded altar of an unknown god.
  4849 | D:6      | Noticed Menkaure
  4855 | D:6      | Killed Menkaure
  4856 | D:6      | Reached skill level 7 in Fighting
  5258 | D:6      | Reached ** piety under Okawaru
  5347 | D:6      | Reached XP level 9. HP: 66/66 MP: 12/12
  5360 | D:6      | Reached skill level 8 in Fighting
  5743 | D:6      | Found a bloodstained altar of Trog.
  6271 | D:7      | Found a blossoming altar of Fedhas.
  6517 | D:7      | Found a staircase to the Ecumenical Temple.
  6524 | Temple   | Entered the Ecumenical Temple
  6846 | D:7      | Noticed Prince Ribbit
  6855 | D:7      | Killed Prince Ribbit
  6856 | D:7      | Reached skill level 5 in Dodging
  6856 | D:7      | Reached skill level 5 in Shields
  7041 | D:8      | Noticed Maurice
  7046 | D:8      | Killed Maurice
  7046 | D:8      | Reached *** piety under Okawaru
  7047 | D:8      | Reached skill level 5 in Stealth
  7213 | D:8      | Reached skill level 5 in Invocations
  7413 | D:8      | Reached XP level 10. HP: 73/73 MP: 13/13
  7475 | D:8      | Found an ancient bone altar of Kikubaaqudgha.
  8077 | D:8      | Found an iron altar of Okawaru.
  8299 | D:9      | Found a staircase to the Lair.
  8311 | D:8      | Reached skill level 1 in Polearms
  8749 | D:9      | Identified a scroll of acquirement
  8749 | D:9      | Acquired the +0 staff of Battle
  8750 | D:9      | Found the +0 staff of Battle
  8753 | D:9      | Learned a level 1 spell: Magic Dart
  8756 | D:9      | Learned a level 2 spell: Searing Ray
  8947 | D:$      | Got out of the dungeon alive.

Illustrated notes

Levels and vault maps discovered:
D:1:      roderic_octagonal_star, layout_basic, minmay_octomino_c4
D:2:      layout_basic
D:3:      cheibrodos_fertilizer, layout_rooms, marbit_many_paths
D:4:      layout_basic, minmay_manual_mess
D:5:      layout_rooms, slow_altar_1, old_standard_altar, serial_shops, shop,
          dk_noncrumbling_4, uniq_edmund, uniq_grinder
D:6:      layout_basic, chequers_temple_overflow_minitemple,
          hangedman_decor_diamond_cutter, trog_eyes_of_draining, uniq_menkaure
D:7:      layout_rooms, minmay_temple_entry_slanted,
          fedhas_bush_and_centaur_altar, uniq_prince_ribbit1
D:8:      layout_basic, basic_altar, hangedman_decor_peaks_small,
          okawaru_altar_gauntlet_db, uniq_maurice
D:9:      layout_roguey, minmay_lair_entry_grove, chequers_mini_garden,
          minmay_statue_bubble, uniq_harold
Temple:   eino_temple_scatter_basement

Skill      XL: |  1  2  3  4  5  6  7  8  9 10 |
---------------+-------------------------------+-----
Stealth        | 1 2 3 4 5 6 |  6.1
Long Blades    | 3 5 |  5.5
Fighting       | 4 5 7 8 |  8.7
Shields        | 4 5 6 |  6.2
Dodging        | 4 5 6 |  6.3
Invocations    | 2 4 5 |  5.4
Evocations     | 2 3 4 |  4.0
Polearms       | 2 |  2.2

Action                   |  1- 3 |  4- 6 |  7- 9 | 10-12 || total
-------------------------+-------+-------+-------+-------++-------
Melee: Long sword        |    68 |    95 |   170 |    37 ||   370
       Constrict         |    20 |    28 |    44 |    22 ||   114
       Tentacles         |     8 |    21 |    30 |    25 ||    84
       Kick              |    13 |    23 |    61 |    27 ||   124
       Trident           |       |       |       |    50 ||    50
       Punch             |       |       |       |     1 ||     1
Throw: Dart              |       |       |     3 |       ||     3
Invok: Heroism           |       |       |     1 |     2 ||     3
Evoke: Wand              |       |       |     4 |       ||     4
  Use: Scroll            |     2 |     2 |     6 |     2 ||    12
       Potion            |     1 |     1 |     1 |       ||     3
 Stab: Sleeping          |     4 |     9 |    12 |     5 ||    30
Armor: Skin              |     6 |     6 |    11 |     7 ||    30
Dodge: Dodged            |    30 |    22 |    61 |    43 ||   156
Block: Kite shield       |    32 |    49 |   170 |    73 ||   324
       Reflection        |       |     3 |     9 |     6 ||    18
       Rpst.: Long sword |     6 |     5 |    18 |     1 ||    30
